Map: Eastwatch LE

Players

Serral - Winner!

  • Race: Zerg Zerg
  • Spawn Location: 1:00

NightEnD

  • Race: Protoss Protoss
  • Spawn Location: 7:00

Event: IEM Season 12 - Katowice

VOD

Have the link to the VOD?

Description

Time

  • Played on: Feb. 26, 2018, 9:06 a.m.
  • Length: 9:05

All games in this series

Show
View Real Time Build Order
Export as new Build Order

Serral Zerg - Winner!

Build Orders: Hatch First 

Get SALT Encoding   

  12  0:00  Drone  
  13  0:12  Overlord  
  13  0:16  Drone  
  14  0:31  Drone x2  
  14  0:34  Drone  
  17  0:51  Hatchery  
  17  0:54  Drone  
  17  0:58  Drone  
  18  1:08  Extractor  
  17  1:12  Spawning Pool  
  17  1:16  Drone  
  17  1:19  Drone  
  18  1:28  Drone  
  19  1:38  Overlord  
  19  1:49  Drone  
  20  1:59  Queen  
  20  2:00  Zergling x2  
  23  2:03  Queen  
  23  2:04  Zergling x2  
  26  2:09  Metabolic Boost  
  26  2:11  Drone  
  26  2:14  Drone  
  28  2:22  Drone  
  29  2:25  Drone  
  30  2:36  Hatchery  
  29  2:39  Drone  
  29  2:42  Drone  
  31  2:47  Pneumatized Carapace  
  31  2:50  Drone  
  32  2:54  Overlord  
  32  2:59  Drone x2  
  34  3:06  Drone  
  34  3:07  Drone  
  36  3:13  Queen  
  36  3:16  Overlord  
  36  3:18  Drone  
  39  3:21  Drone  
  39  3:22  Drone  
  39  3:24  Drone  
  42  3:28  Drone  
  42  3:33  Overlord  
  43  3:36  Spore Crawler  
  43  3:38  Drone x2  
  43  3:39  Drone  
  45  3:42  Drone x2  
  45  3:46  Spore Crawler  
  47  3:48  Drone  
  47  3:53  Queen  
  49  3:56  Drone  
  49  3:58  Drone  
  49  3:59  Drone  
  49  4:01  Drone  
  53  4:05  Drone  
  53  4:07  Evolution Chamber, Drone  
  54  4:10  Spore Crawler  
  54  4:15  Queen  
  54  4:16  Drone x2  
  58  4:23  Overlord  
  58  4:24  Drone, Baneling Nest  
  58  4:27  Drone x2  
  58  4:31  Overlord  
  60  4:33  Drone x2  
  60  4:34  Drone  
  60  4:35  Drone  
  60  4:38  Zerg Melee Weapons Level 1  
  64  4:40  Overlord  
  64  4:42  Drone  
  64  4:43  Drone  
  64  4:45  Overlord  
  66  4:47  Overlord  
  66  4:53  Zergling x8  
  66  4:56  Lair  
  66  4:58  Extractor  
  66  4:59  Extractor x2  
  67  5:00  Zergling x2  
  67  5:02  Zergling x4  
  67  5:03  Zergling x2  
  67  5:06  Overlord  
  71  5:08  Drone x2  
  71  5:13  Drone x2  
  74  5:20  Overlord  
  69  5:22  Drone  
  69  5:25  Drone x2  
  69  5:26  Drone  
  73  5:30  Zergling x10  
  78  5:35  Zergling x2  
  78  5:36  Zergling x4  
  78  5:40  Zergling x4  
  83  5:54  Centrifical Hooks  
  83  5:55  Drone x4  
  83  5:56  Hydralisk Den  
  86  5:58  Drone x3  
  86  6:01  Drone  
  86  6:02  Drone  
  91  6:04  Drone, Hatchery  
  91  6:09  Drone x2  
  93  6:12  Overlord  
  93  6:13  Drone x3  
  93  6:14  Drone  
  93  6:16  Drone x2, Extractor  
  98  6:22  Extractor  
  98  6:23  Drone  
  98  6:27  Drone  
  98  6:28  Drone x4  
  98  6:31  Muscular Augments  
  103  6:33  Zerg Melee Weapons Level 2  
  103  6:36  Overlord  
  102  6:44  Overlord  
  102  6:45  Hydralisk x6  
  114  6:50  Overlord x2  
  114  6:55  Overlord  
  114  6:58  Overseer  
  114  7:04  Hydralisk x4  
  122  7:14  Hydralisk x4  
  130  7:24  Overlord  
  130  7:26  Hydralisk x4  
  138  7:34  Overlord  
  138  7:38  Hydralisk x6  
  138  7:41  Overlord  
  146  7:45  Zergling x4  
  148  7:53  Zergling x20  
  148  7:54  Baneling x10  
  158  7:59  Hydralisk x2  
  158  8:00  Hydralisk  
  158  8:05  Zergling x10  
  168  8:14  Baneling x11  
  168  8:21  Zergling x10  
  168  8:22  Infestation Pit  
  168  8:24  Hatchery  
  168  8:27  Drone x3  
  174  8:29  Zergling x2  
  174  8:32  Overlord  
  174  8:33  Overlord x3  
  175  8:37  Overlord  
  174  8:46  Zergling x6  
Show
View Real Time Build Order
Export as new Build Order

NightEnD Protoss 

Build Orders: 1 Gate Expand, Oracle Opening, Phoenix Opening, Archon Immortal 

Get SALT Encoding   

  12  0:00  Probe  
  13  0:12  Probe  
  14  0:22  Pylon  
  14  0:24  Probe  
  15  0:40  Probe (Chrono Boost)  
  16  0:45  Gateway  
  16  0:49  Probe (Chrono Boost), Assimilator  
  17  0:54  Probe  
  18  1:06  Probe  
  19  1:18  Probe  
  20  1:27  Nexus  
  20  1:31  Probe  
  21  1:41  Cybernetics Core  
  21  1:43  Probe  
  22  1:49  Assimilator  
  22  1:56  Pylon  
  22  1:59  Probe  
  23  2:14  Probe (Chrono Boost)  
  24  2:19  Stargate  
  25  2:23  Adept  
  25  2:24  Probe (Chrono Boost)  
  25  2:29  Probe (Chrono Boost)  
  27  2:35  Warp Gate  
  28  2:39  Probe (Chrono Boost)  
  28  2:43  Probe (Chrono Boost)  
  30  2:49  Probe (Chrono Boost)  
  32  2:51  Adept  
  32  2:52  Probe (Chrono Boost)  
  32  2:57  Probe x2 (Chrono Boost)  
  35  3:01  Oracle (Chrono Boost)  
  39  3:05  Probe  
  39  3:07  Probe  
  41  3:16  Pylon  
  41  3:18  Probe  
  41  3:19  Probe  
  43  3:30  Probe  
  43  3:31  Probe  
  43  3:34  Phoenix (Chrono Boost)  
  47  3:37  Gateway  
  47  3:41  Gateway  
  47  3:42  Probe  
  47  3:43  Probe  
  47  3:48  Pylon  
  49  3:51  Oracle (Chrono Boost)  
  49  3:54  Probe  
  49  3:55  Probe  
  54  3:57  Assimilator  
  54  4:00  Assimilator  
  54  4:06  Probe  
  54  4:09  Probe, Robotics Facility  
  56  4:18  Probe  
  56  4:20  Pylon  
  56  4:21  Probe  
  58  4:30  Probe  
  59  4:34  Probe  
  60  4:42  Probe  
  61  4:46  Probe  
  61  4:52  Zealot  
  64  4:54  Probe, Twilight Council  
  64  4:57  Observer (Chrono Boost), Nexus  
  64  4:58  Probe, Pylon  
  67  5:06  Probe  
  68  5:10  Probe  
  69  5:16  Immortal (Chrono Boost)  
  69  5:19  Probe  
  71  5:23  Probe  
  72  5:28  Zealot  
  72  5:29  Zealot, Robotics Facility  
  72  5:31  Probe  
  72  5:33  Pylon  
  77  5:35  Probe  
  77  5:36  Charge, Assimilator  
  77  5:37  Templar Archives, Assimilator  
  78  5:49  Immortal (Chrono Boost)  
  78  5:51  Probe x2  
  84  6:03  Probe x2, Psionic Storm  
  86  6:05  Shield Battery  
  86  6:06  Shield Battery  
  86  6:10  Probe  
  87  6:15  Probe x2  
  87  6:17  Gateway x2  
  89  6:19  Observer  
  89  6:20  Gateway  
  89  6:24  Probe  
  91  6:27  Probe, Immortal (Chrono Boost)  
  96  6:37  Zealot  
  98  6:45  Pylon x2  
  98  6:46  Pylon  
  98  7:00  Pylon  
  98  7:02  Immortal (Chrono Boost)  
  98  7:03  Pylon  
  98  7:06  High Templar x3  
  112  7:10  Immortal (Chrono Boost)  
  112  7:12  Forge  
  112  7:16  Pylon  
  109  7:25  Oracle  
  109  7:27  High Templar  
  109  7:28  High Templar  
  116  7:34  Immortal (Chrono Boost)  
  120  7:38  High Templar  
  120  7:40  Immortal (Chrono Boost)  
  126  7:45  High Templar  
  126  7:46  Photon Cannon  
  126  7:47  Photon Cannon  
  126  7:49  Zealot  
  126  7:51  Pylon  
  130  7:53  Pylon  
  130  7:55  High Templar  
  132  8:27  Nexus  
  132  8:28  Fleet Beacon  
  132  8:29  Pylon  
  132  8:31  Pylon  
  137  8:34  Pylon  
  137  8:37  Assimilator  
  137  8:41  Zealot x2, Assimilator  
  133  8:42  Zealot x4  
  135  8:56  Archon x3  

Tags
 
Add a new tag
Caveats
  • Supply blocks, unpowered buildings, or Contaminate may cause inaccurate times.
  • Supply counts are checked every 10 seconds.